 Dungeon Crawl Stone Soup version 0.31.0-1-g2c135a0 (webtiles) character file.

Game seed: 1295644492888005839

53 jagoly the Trooper (level 3, -1/24 HPs)
             Began as a Gargoyle Monk on Jan 25, 2024.
             Slain by a gnoll
             ... wielding a +0 spear
              (4 damage)
             ... on level 2 of the Dungeon.
             The game lasted 00:02:56 (486 turns).

jagoly the Trooper (Gargoyle Monk)                   Turns: 486, Time: 00:02:57

Health: -1/24      AC:  5    Str: 16    XL:     3   Next: 89%
Magic:  3/3        EV: 12    Int: 10    God:
Gold:   61         SH:  0    Dex: 12    Spells: 2/2 levels left

rFire   . . .        a - +0 hand axe
rCold   . . .        d - orb {light}
rNeg    + . .        b - +0 robe
rPois   ∞            (no helmet)
rElec   +            (no cloak)
rCorr   .            (no gloves)
SInv    .            (no boots)
Will    .....        (no amulet)
Stlth   +            (no ring)
HPRegen 0.24/turn    (no ring)
MPRegen 0.08/turn

%: no passive effects
@: glowing
A: sickness immunity, AC +3, negative energy resistance 1, electricity
resistance, torment resistance 1, petrification resistance
a: no special abilities


You were on level 2 of the Dungeon.
You visited 1 branch of the dungeon, and saw 2 of its levels.

You collected 61 gold pieces.

Inventory:

Hand Weapons
 a - a +0 hand axe (weapon)
 j - a +0 sling
Missiles
 i - 2 poisoned darts (quivered)
 n - 10 stones
Armour
 b - a +0 robe (worn)
 d - an orb of light (worn)
Scrolls
 e - a scroll of noise {unknown}
 f - a scroll of revelation {unknown}
 g - a scroll of poison {unknown}
 k - 2 scrolls of identify {unknown}
 m - a scroll of teleportation {unknown}
Potions
 c - a potion of ambrosia
 h - a potion of lignification {unknown}
 l - a potion of curing {unknown}


   Skills:
 + Level 3.8 Fighting
 * Level 3.5 Axes
 - Level 2.4 Dodging
 - Level 2.0 Stealth


You had 2 spell levels left.
You didn't know any spells.
Your spell library was empty.

Dungeon Overview and Level Annotations

Branches:
Dungeon (2/15) Zot: 11501

Altars:


Innate Abilities, Weirdness & Mutations

You are immune to sickness and miasma.
Your stone body is resilient. (AC +3)
You are immune to poison.
You resist negative energy. (rN+)
You are resistant to electric shocks. (rElec)
You are resistant to unholy torment.
You are immune to petrification.


Message History

Welcome, jagoly the Gargoyle Monk.
A smirking vizier told you that the Orb of Zot is just within this dungeon.
Press ? for a list of commands and other information.
Found 8 gold pieces.
Found a staircase leading out of the dungeon.
Unknown command.
Found 16 gold pieces.
You now have 8 gold pieces.
A giant cockroach comes into view.
The giant cockroach barely misses you.
You hit the giant cockroach.
The giant cockroach is moderately wounded.
The giant cockroach misses you.
The giant cockroach bites you but does no damage.
You hit the giant cockroach.
The giant cockroach is severely wounded.
The giant cockroach bites you but does no damage.
You hit the giant cockroach.
The giant cockroach is almost dead.
The giant cockroach bites you but does no damage.
The giant cockroach bites you.
You hit the giant cockroach.
You kill the giant cockroach!
No target in view!
You now have 24 gold pieces (gained 16).
A ball python comes into view.
The ball python hisses angrily.
A ball python is nearby!
You barely miss the ball python. The ball python closely misses you. x2
You hit the ball python.
The ball python is severely wounded.
The ball python closely misses you. The ball python barely misses you.
You hit the ball python.
You kill the ball python!
No target in view!
A bat comes into view.
A bat is nearby!
A ball python comes into view.
Found 9 gold pieces.
The bat barely misses you.
A ball python comes into view.
The ball python hisses angrily.
The ball python attacks as it pursues you!
The ball python bites you. The ball python grabs you.
The ball python constricts you.
You slash the ball python!
You kill the ball python!
You hit the bat.
You kill the bat!
Found a scroll labelled EWKIZOQUXU.
The ball python barely misses you. x2
You hit the ball python.
The ball python is severely wounded.
The ball python bites you. The ball python grabs you.
The ball python constricts you.
The ball python bites you but does no damage.
The ball python constricts you.
You hit the ball python.
You kill the ball python!
No target in view!
No target in view!
A kobold comes into view. It is wielding a +0 dagger.
The kobold shouts!
You see here a scroll labelled EWKIZOQUXU.
e - a scroll labelled EWKIZOQUXU You hit the kobold.
You kill the kobold!
No target in view!
You see here a +0 dagger.
A kobold comes into view. It is wielding a +0 dagger.
The kobold shouts!
A rat comes into view.
You see here 9 gold pieces.
The kobold barely misses you.
There are no items here.
You hit the kobold but do no damage. The kobold hits you but does no damage.
You hit the rat.
You kill the rat!
You hit the kobold.
You kill the kobold!
Your Stealth skill increases to level 1!
You have reached level 2!
You now have 33 gold pieces (gained 9).
Found a scroll labelled RONEPL LOSCH and a dark potion.
f - a scroll labelled RONEPL LOSCH
Found a stone staircase leading down.
Found a scroll labelled YNIELIKLICW.
Found a stone staircase leading down.
A malevolent force fills the Dungeon...
You fall into a shaft and drop 1 floor!
The shaft crumbles and collapses.
A hobgoblin comes into view.
Found a scroll labelled REABAS PIBBORI.
You barely miss the hobgoblin. The hobgoblin misses you.
You hit the hobgoblin.
You kill the hobgoblin!
No target in view!
No target in view!
An endoplasm comes into view.
Found a murky dark potion.
The endoplasm quivers.
You see here a scroll labelled REABAS PIBBORI.
An endoplasm is nearby!
g - a scroll labelled REABAS PIBBORI You hit the endoplasm.
You kill the endoplasm!
No target in view!
A frilled lizard comes into view.
You see here a murky dark potion.
h - a murky dark potion You closely miss the frilled lizard.
The frilled lizard closely misses you.
You barely miss the frilled lizard. The frilled lizard barely misses you.
You hit the frilled lizard.
You kill the frilled lizard!
No target in view!
No target in view!
No target in view!
No target in view!
You open the door.
A ball python comes into view.
There is an open door here.
The ball python hisses angrily.
You barely miss the ball python. The ball python bites you.
The ball python grabs you. The ball python constricts you.
The ball python bites you but does no damage.
The ball python constricts you.
You hit the ball python.
You kill the ball python!
There is an open door here.
You open the large door.
There is a large open door here.
There is a large open door here.
You open the door.
Found a stone staircase leading down.
There is an open door here.
Found a club.
You see here a +0 club.
A goblin comes into view. It is wielding a +0 club.
The goblin shouts!
A goblin is nearby!
You hit the goblin.
The goblin is moderately wounded.
The goblin closely misses you.
You hit the goblin.
The goblin is heavily wounded.
The goblin hits you but does no damage.
You hit the goblin.
You kill the goblin!
Your Axes skill increases to level 3!
No target in view!
No target in view!
Found 10 gold pieces.
You now have 43 gold pieces (gained 10).
You open the door.
Found 2 poisoned darts.
There is an open door here.
You see here 2 poisoned darts.
i - 2 poisoned darts
There is an open door here.
Found a stone staircase leading up.
A giant cockroach comes into view.
There is a stone staircase leading up here.
You hit the giant cockroach but do no damage.
The giant cockroach completely misses you.
You hit the giant cockroach.
The giant cockroach is severely wounded.
The giant cockroach bites you. The giant cockroach barely misses you.
You hit the giant cockroach.
You kill the giant cockroach!
No target in view!
No target in view!
Your library has no spells.
HP restored.
You climb upwards.
The hobgoblin shouts!
The rat squeaks loudly.
A rat comes into view.
The hobgoblin hits you but does no damage.
Found a sling and a scroll labelled YNIELIKLICW.
There is a stone staircase leading down here.
You barely miss the hobgoblin.
The rat squeaks loudly.
The hobgoblin barely misses you.
You completely miss the hobgoblin. You hit the rat but do no damage.
The rat barely misses you. The hobgoblin barely misses you.
You hit the hobgoblin but do no damage. You hit the rat.
You kill the rat!
The hobgoblin misses you.
You hit the hobgoblin but do no damage. The hobgoblin misses you.
You hit the hobgoblin.
The hobgoblin is heavily wounded.
The hobgoblin misses you.
You hit the hobgoblin but do no damage.
The hobgoblin is heavily wounded.
The hobgoblin closely misses you.
You hit the hobgoblin but do no damage.
The hobgoblin is heavily wounded.
The hobgoblin hits you.
You completely miss the hobgoblin.
The hobgoblin is heavily wounded.
You barely miss the rat. The rat bites you. The hobgoblin misses you.
The hobgoblin hits you. The rat bites you.
You barely miss the hobgoblin.
The hobgoblin is heavily wounded.
You completely miss the rat. The rat barely misses you.
The hobgoblin hits you but does no damage.
You hit the hobgoblin.
You kill the hobgoblin!
You hit the rat.
You kill the rat!
No target in view!
No target in view!
You see here a +0 sling.
j - a +0 sling Unknown command.
Unknown command.
Found 7 stones.
k - a scroll labelled YNIELIKLICW
Found 5 gold pieces.
Found 3 stones.
k - 2 scrolls labelled YNIELIKLICW (gained 1)
You now have 48 gold pieces (gained 5).
Found 13 gold pieces.
You now have 61 gold pieces (gained 13).
Found 5 stones.
l - a dark potion You see here 5 stones.
There is a stone staircase leading down here.
You climb downwards.
There is a stone staircase leading up here.
You climb upwards.
There is a stone staircase leading down here.
You see here 7 stones.
There is a stone staircase leading down here.
You climb downwards.
There is a stone staircase leading up here.
An adder comes into view.
Found a scroll labelled ABYSUP WIORO.
The adder hisses angrily.
An adder is nearby!
The adder bites you. x2
You hit the adder but do no damage. The adder closely misses you.
You hit the adder.
The adder is lightly wounded.
The adder bites you. The adder bites you but does no damage.
You barely miss the adder.
The adder is lightly wounded.
The adder barely misses you.
You hit the adder.
The adder is heavily wounded.
The adder bites you but does no damage. The adder closely misses you.
You hit the adder.
You kill the adder!
You have reached level 3!
Your experience leads to an increase in your attributes!
Increase (S)trength, (I)ntelligence, or (D)exterity?
You feel stronger. x2
You see here an adder corpse.
m - a scroll labelled ABYSUP WIORO A goblin comes into view.
It is wielding a +0 club.
A goblin is nearby!
The goblin hits you with a +0 club.
You hit the goblin but do no damage. The goblin hits you but does no damage.
You barely miss the goblin. The goblin closely misses you.
You barely miss the goblin. The goblin barely misses you.
You hit the goblin.
The goblin is severely wounded.
The goblin misses you. The goblin barely misses you.
You hit the goblin but do no damage.
The goblin is moderately wounded.
The goblin completely misses you.
You slash the goblin!
You kill the goblin!
Things that are here:
a +0 club; a goblin corpse No target in view!
Found 9 stones.
You see here 9 stones.
n - 9 stones HP restored.
Things that are here:
a +0 club; a goblin corpse A kobold comes into view.
It is wielding a +0 short sword.
A kobold is nearby!
A frilled lizard comes into view.
The kobold shouts!
The kobold throws a stone.
The stone barely misses you. The kobold barely misses you.
The frilled lizard barely misses you.
You closely miss the frilled lizard. You hit the kobold.
You kill the kobold!
The frilled lizard barely misses you.
Training target 2.0 for Stealth reached!
Your Stealth skill increases to level 2!
You hit the frilled lizard.
You kill the frilled lizard!
No target in view!
No target in view!
n - 10 stones (gained 1)
You see here a +0 short sword.
You open the door.
There is an open door here.
You open the door.
There is an open door here.
A quokka comes into view.
A quokka is nearby!
You barely miss the quokka.
The quokka bites you but does no damage. x2
You closely miss the quokka. The quokka bites you.
You hit the quokka.
The quokka is moderately wounded.
The quokka completely misses you.
The quokka bites you but does no damage.
You hit the quokka.
The quokka is heavily wounded.
The quokka bites you but does no damage.
You barely miss the quokka.
The quokka is heavily wounded.
The quokka completely misses you.
You hit the quokka but do no damage.
The quokka is heavily wounded.
The quokka bites you but does no damage.
The quokka misses you.
You hit the quokka.
You kill the quokka!
No target in view!
No target in view!
A ball python comes into view.
A ball python is nearby!
A kobold comes into view. It is wielding a +0 club.
The kobold shouts!
The ball python hisses angrily.
You hear a loud squeak.
The ball python bites you but does no damage.
The ball python grabs you. The ball python constricts you.
You hit the ball python.
You kill the ball python!
A rat comes into view.
You closely miss the kobold. The kobold hits you with a +0 club.
You barely miss the kobold. The kobold hits you but does no damage.
You barely miss the kobold. The kobold hits you with a +0 club.
The kobold hits you but does no damage.
You hit the kobold.
The kobold is moderately wounded.
The kobold barely misses you.
You hit the kobold.
You kill the kobold!
You slash the rat!
You kill the rat!
No target in view!
No target in view!
Things that are here:
a +0 club; a kobold corpse HP restored.
An adder comes into view.
The adder hisses angrily.
A gnoll comes into view. It is wielding a +0 club.
A gnoll comes into view. It is wielding a +0 spear.
A kobold comes into view. It is wielding a +0 club.
Found 8 gold pieces.
The gnoll shouts!
A gnoll comes into view. It is wielding a +0 flail.
The kobold throws a stone.
The stone closely misses you.
You hit the adder.
The adder is lightly wounded.
The gnoll throws a boomerang.
The boomerang hits you but does no damage.
The adder bites you but does no damage.
You hit the adder.
The adder is heavily wounded.
The adder barely misses you.
The kobold throws a stone.
The stone hits you but does no damage. The adder bites you but does no damage.
You barely miss the adder.
The adder is heavily wounded.
The adder bites you but does no damage.
You hit the adder.
You kill the adder!
You hit the gnoll. The gnoll hits you with a +0 club!
You barely miss the gnoll.
The gnoll is lightly wounded.
The gnoll hits you with a +0 club.
You hit the gnoll.
The gnoll is moderately wounded.
You hit the kobold. The kobold hits you with a +0 club.
* * * LOW HITPOINT WARNING * * *
The kobold throws a stone.
The stone hits you but does no damage.
A ball python comes into view.
Found a scroll labelled KONUUGIGUPN.
The ball python hisses angrily.
Okay, then.
You slash the ball python!
You kill the ball python!
Cleave: a) +0 hand axe
Press: ? - help, Dir - move target, f - gnoll
Aim: a gnoll, wielding a +0 flail (haloed, about 18% to evade your +0 hand axe)
You hit the gnoll.
The gnoll is lightly wounded.
The gnoll completely misses you.
Cleave: a) +0 hand axe
Press: ? - help, Dir - move target, f/p - gnoll
Aim: a gnoll, wielding a +0 flail (lightly wounded, haloed, about 18% to evade your +0 hand axe)
You completely miss the gnoll.
The gnoll is lightly wounded.
The gnoll hits you but does no damage.
Cleave: a) +0 hand axe
Press: ? - help, Dir - move target, f/p - gnoll
Aim: a gnoll, wielding a +0 flail (lightly wounded, haloed, about 18% to evade your +0 hand axe)
You completely miss the gnoll.
The gnoll is lightly wounded.
The gnoll closely misses you.
Cleave: a) +0 hand axe
Press: ? - help, Dir - move target, f/p - gnoll
Aim: a gnoll, wielding a +0 flail (lightly wounded, haloed, about 18% to evade your +0 hand axe)
You hit the gnoll.
The gnoll is moderately wounded.
The gnoll hits you with a +0 flail.
* * * LOW HITPOINT WARNING * * *
Cleave: a) +0 hand axe
Press: ? - help, Dir - move target, f/p - gnoll
Aim: a gnoll, wielding a +0 flail (moderately wounded, haloed, about 18% to evade your +0 hand axe)
You hit the gnoll but do no damage.
The gnoll is moderately wounded.
The gnoll misses you.
Cleave: a) +0 hand axe
Press: ? - help, Dir - move target, f/p - gnoll
Aim: a gnoll, wielding a +0 flail (moderately wounded, haloed, about 18% to evade your +0 hand axe)
You hit the gnoll.
The gnoll is severely wounded.
The gnoll barely misses you.
Cleave: a) +0 hand axe
Press: ? - help, Dir - move target, f/p - gnoll
Aim: a gnoll, wielding a +0 flail (severely wounded, haloed, about 18% to evade your +0 hand axe)
You barely miss the gnoll.
The gnoll is severely wounded.
The gnoll hits you but does no damage.
Cleave: a) +0 hand axe
Press: ? - help, Dir - move target, f/p - gnoll
Aim: a gnoll, wielding a +0 flail (severely wounded, haloed, about 18% to evade your +0 hand axe)
You hit the gnoll.
You kill the gnoll!
Cleave: a) +0 hand axe
Press: ? - help, Dir - move target, f - kobold
Aim: a kobold, wielding a +0 club and quivering stones (heavily wounded, haloed, about 29% to evade your +0 hand axe)
You hit the kobold.
You kill the kobold!
The gnoll hits you with a +0 spear.
* * * LOW HITPOINT WARNING * * *
Items here: ( )) †.
Cleave: a) +0 hand axe
Press: ? - help, Dir - move target, f - gnoll
Aim: a gnoll, wielding a +0 spear and quivering boomerangs (haloed, about 18% to evade your +0 hand axe)
You hit the gnoll but do no damage. The gnoll misses you.
Cleave: a) +0 hand axe
Press: ? - help, Dir - move target, f/p - gnoll
Aim: a gnoll, wielding a +0 spear and quivering boomerangs (haloed, about 18% to evade your +0 hand axe)
You hit the gnoll.
The gnoll is lightly wounded.
The gnoll hits you with a +0 spear.
* * * LOW HITPOINT WARNING * * *
Cleave: a) +0 hand axe
Press: ? - help, Dir - move target, f/p - gnoll
Aim: a gnoll, wielding a +0 spear and quivering boomerangs (lightly wounded, haloed, about 18% to evade your +0 hand axe)
You barely miss the gnoll.
The gnoll is lightly wounded.
The gnoll hits you with a +0 spear.
* * * LOW HITPOINT WARNING * * *
Cleave: a) +0 hand axe
Press: ? - help, Dir - move target, f/p - gnoll
Aim: a gnoll, wielding a +0 spear and quivering boomerangs (lightly wounded, haloed, about 18% to evade your +0 hand axe)
You hit the gnoll.
The gnoll is moderately wounded.
The gnoll hits you with a +0 spear.
You die...

### #.# #.#
######################.#
#......................#
#.####################.#
#.############ #####.#
#.#......@gg.# #.....#
#.#?########.# #...).#
#.# #.# #.....# #.# #.#
#.....# #.#
#######K#####.....###
#.#
#....................
#.#
..#####g#######......
#.# #.# #.#.### #.#
$......g.....##.#.#


You could see 2 gnolls.

Vanquished Creatures
  2 adders (D:2)
  A gnoll (D:2)
  6 ball pythons
  An endoplasm (D:2)
  2 giant cockroaches
  2 goblins (D:2)
  2 hobgoblins
  A quokka (D:2)
  A bat (D:1)
  2 frilled lizards (D:2)
  5 kobolds
  4 rats
29 creatures vanquished.

Notes
Turn   | Place    | Note
-------+----------+-------------------------------------------
     0 | D:1      | jagoly the Gargoyle Monk began the quest for the Orb.
     0 | D:1      | Reached XP level 1. HP: 14/14 MP: 1/1
    60 | D:1      | Reached skill level 1 in Stealth
    60 | D:1      | Reached XP level 2. HP: 19/19 MP: 2/2
    78 | D:1      | You fall into a shaft and drop 1 floor!
   311 | D:2      | Reached XP level 3. HP: 17/23 MP: 3/3
   486 | D:2      | Slain by a gnoll

Illustrated notes

Levels and vault maps discovered:
D:1:      eino_arrival_cavern_d, layout_rooms
D:2:      layout_basic

Skill      XL: |  1  2  3 |
---------------+----------+-----
Stealth        | 1 2 |  2.0
Axes           | 3 |  3.5
Fighting       | |  3.8
Dodging        | |  2.4

Action                     || total
---------------------------++-------
  Melee: Hand axe          ||    84
 Armour: Robe              ||    52
  Dodge: Dodged            ||    48
